 Dungeon Crawl Stone Soup version 0.24-a0-584-g9d6b971ae4 (webtiles) character file.

Game seed: 17528434904915507053, levelgen mode: deterministic

214 Ijustatesigmund the Shield-Bearer (level 5, -4/47 HPs)
             Began as a Gnoll Fighter on Sept 3, 2019.
             Killed by divine providence
             ... invoked by an orc priest
              (16 damage)
             ... on level 3 of the Dungeon.
             The game lasted 00:04:14 (2623 turns).

Ijustatesigmund the Shield-Bearer (Gnoll Fighter)   Turns: 2623, Time: 00:04:16

Health: -4/47      AC:  7    Str: 18    XL:     5   Next: 91%
Magic:  7/7        EV:  9    Int: 10    God:
Gold:   180        SH: 11    Dex: 16    Spells: 7/7 levels left

rFire    . . .     SeeInvis .   a - +0 war axe
rCold    . . .     Gourm    .   c - +0 shield (curse)
rNeg     . . .     Faith    .   b - +0 scale mail
rPois    .         Spirit   .   (no helmet)
rElec    .         Reflect  .   (no cloak)
rCorr    .         Harm     .   (no gloves)
MR       +....                  (no boots)
Stlth    +.........             (no amulet)
HPRegen  0.15/turn              g - ring of protection from magic
MPRegen  0.10/turn              (no ring)

@: no status effects
A: distributed training, fangs 1, strong nose
a: no special abilities


You were on level 3 of the Dungeon.
You were hungry.

You visited 1 branch of the dungeon, and saw 4 of its levels.

You collected 180 gold pieces.

Inventory:

Hand Weapons
 a - a +0 war axe (weapon)
 n - a +0 morningstar
Armour
 b - a +0 scale mail (worn)
 c - a cursed +0 shield (worn)
Jewellery
 g - a ring of protection from magic (left hand)
Scrolls
 i - 2 scrolls of magic mapping
 m - a scroll of fog
 o - 3 scrolls of remove curse
Potions
 d - a potion of might
 e - 3 potions of curing
 h - a potion of degeneration {unknown}
 j - a potion of ambrosia {unknown}
 k - a potion of cancellation {unknown}
 l - a potion of lignification {unknown}
 p - a potion of agility {unknown}
Comestibles
 f - 9 rations


   Skills:
 + Level 6.7 Fighting
 + Level 1.6 Short Blades
 + Level 1.6 Long Blades
 + Level 4.8 Axes
 + Level 1.6 Maces & Flails
 + Level 1.6 Polearms
 + Level 1.6 Staves
 + Level 1.6 Slings
 + Level 1.6 Bows
 + Level 1.6 Crossbows
 + Level 1.6 Throwing
 + Level 6.7 Armour
 + Level 1.6 Dodging
 + Level 1.6 Stealth
 + Level 6.7 Shields
 + Level 1.6 Unarmed Combat
 + Level 1.6 Spellcasting
 + Level 1.3 Conjurations
 + Level 1.3 Hexes
 + Level 1.3 Charms
 + Level 1.3 Summonings
 + Level 1.3 Necromancy
 + Level 1.3 Translocations
 + Level 1.3 Transmutations
 + Level 1.3 Fire Magic
 + Level 1.3 Ice Magic
 + Level 1.3 Air Magic
 + Level 1.3 Earth Magic
 + Level 1.3 Poison Magic
 + Level 1.8 Invocations
 + Level 1.6 Evocations


You had 7 spell levels left.
You didn't know any spells.
Your spell library was empty.

Dungeon Overview and Level Annotations

Branches:
Dungeon (4/15)
 Temple: D:4-7

Altars:
Qazlal
Uskayaw


Innate Abilities, Weirdness & Mutations

Your experience applies equally to all skills.
You have very sharp teeth.
Your uncanny sense of smell can sniff out nearby items.


Message History

You are too injured to fight recklessly!
You are too injured to fight recklessly!
Something hits you but does no damage.
Deactivating autopickup; reactivate with Ctrl-A.
You block the orc priest's attack.
You climb upwards.
Reactivating autopickup.
There is a stone staircase leading down here.
You closely miss the orc priest. You miss something.
Something hits you but does no damage.
Deactivating autopickup; reactivate with Ctrl-A.
The orc priest hits you but does no damage.
You barely miss the orc priest. You miss something.
You hear some strange, mumbled words.
A puff of flame appears from out of thin air!
The puff of flame hits you!
* * * LOW HITPOINT WARNING * * *
The orc priest calls down the wrath of Beogh upon you.
Beogh smites you!
You die...

### ########### ..#
#.........#
..####.........###
....รท..........o@#
..####.........#{#
..# #.........#.#
..# #.........#.#
### #.........#.#
#.........#.#
#####'#####.# ####
#.# #.#
...#######'### #.#


You could see an orc priest.

Vanquished Creatures
  An ogre (D:4)
  An orc wizard (D:3)
  2 adders
  A worm (D:2)
  2 dart slugs
  3 leopard geckos
  4 orcs (D:3)
  A ball python (D:1)
  10 bats
  4 giant cockroaches
  10 goblins
  4 hobgoblins
  8 jackals
  2 quokkas
  A frilled lizard (D:3)
  7 kobolds
  3 rats
64 creatures vanquished.

Notes
Turn   | Place    | Note
-------+----------+-------------------------------------------
     0 | D:1      | Ijustatesigmund the Gnoll Fighter began the quest for the
                  | Orb.
     0 | D:1      | Reached XP level 1. HP: 23/23 MP: 1/1
   226 | D:1      | Reached XP level 2. HP: 29/29 MP: 2/2
   752 | D:2      | Reached XP level 3. HP: 33/35 MP: 3/3
   797 | D:2      | You fall into a shaft and drop 1 floor!
   799 | D:3      | Reached skill level 1 in Short Blades
   799 | D:3      | Reached skill level 1 in Long Blades
   799 | D:3      | Reached skill level 1 in Maces & Flails
   799 | D:3      | Reached skill level 1 in Polearms
   799 | D:3      | Reached skill level 1 in Staves
   799 | D:3      | Reached skill level 1 in Slings
   799 | D:3      | Reached skill level 1 in Bows
   799 | D:3      | Reached skill level 1 in Crossbows
   799 | D:3      | Reached skill level 1 in Throwing
   799 | D:3      | Reached skill level 1 in Dodging
   799 | D:3      | Reached skill level 1 in Stealth
   799 | D:3      | Reached skill level 1 in Unarmed Combat
   799 | D:3      | Reached skill level 1 in Spellcasting
   799 | D:3      | Reached skill level 1 in Invocations
   799 | D:3      | Reached skill level 1 in Evocations
   799 | D:3      | Reached XP level 4. HP: 40/41 MP: 3/5
   974 | D:2      | Noticed an earth elemental
   976 | D:2      | Found a stormy altar of Qazlal.
   977 | D:2      | Noticed a fire elemental
   977 | D:2      | Noticed an air elemental
   977 | D:2      | Noticed a water elemental
  1119 | D:2      | Found a hide-covered altar of Uskayaw.
  1573 | D:2      | Reached skill level 1 in Conjurations
  1573 | D:2      | Reached skill level 1 in Hexes
  1573 | D:2      | Reached skill level 1 in Charms
  1573 | D:2      | Reached skill level 1 in Summonings
  1573 | D:2      | Reached skill level 1 in Necromancy
  1573 | D:2      | Reached skill level 1 in Translocations
  1573 | D:2      | Reached skill level 1 in Transmutations
  1573 | D:2      | Reached skill level 1 in Fire Magic
  1573 | D:2      | Reached skill level 1 in Ice Magic
  1573 | D:2      | Reached skill level 1 in Air Magic
  1573 | D:2      | Reached skill level 1 in Earth Magic
  1573 | D:2      | Reached skill level 1 in Poison Magic
  1929 | D:3      | Reached XP level 5. HP: 47/47 MP: 6/6
  2562 | D:4      | Noticed an ogre
  2566 | D:4      | Killed an ogre
  2623 | D:3      | Killed from afar by an orc priest

Levels and vault maps discovered:
D:1:      matt_arrival_spirals, layout_loops_ring
D:2:      layout_loops_corners, nicolae_overflow_hidden_temple,
          nicolae_qazlal_style_of_elements
D:3:      layout_basic
D:4:      kennysheep_goblin_castle, layout_loops_ring, kennysheep_slug_shrine,
          kennysheep_ying_yang, lemuel_blue_sif_altar

Skill      XL: |  1  2  3  4 |
---------------+-------------+-----
Short Blades   | 1 |  1.6
Long Blades    | 1 |  1.6
Maces & Flails | 1 |  1.6
Polearms       | 1 |  1.6
Staves         | 1 |  1.6
Slings         | 1 |  1.6
Bows           | 1 |  1.6
Crossbows      | 1 |  1.6
Throwing       | 1 |  1.6
Dodging        | 1 |  1.6
Stealth        | 1 |  1.6
Unarmed Combat | 1 |  1.6
Spellcasting   | 1 |  1.6
Invocations    | 1 |  1.8
Evocations     | 1 |  1.6
Conjurations   | 1 |  1.3
Hexes          | 1 |  1.3
Charms         | 1 |  1.3
Summonings     | 1 |  1.3
Necromancy     | 1 |  1.3
Translocations | 1 |  1.3
Transmutations | 1 |  1.3
Fire Magic     | 1 |  1.3
Ice Magic      | 1 |  1.3
Air Magic      | 1 |  1.3
Earth Magic    | 1 |  1.3
Poison Magic   | 1 |  1.3
Fighting       | |  6.7
Axes           | |  4.8
Armour         | |  6.7
Shields        | |  6.7

Action                   |  1- 3 |  4- 6 || total
-------------------------+-------+-------++-------
Melee: War axe           |    27 |   108 ||   135
       Bite              |     3 |     8 ||    11
  Use: Scroll            |     3 |     5 ||     8
       Potion            |     1 |       ||     1
  Eat: Chunk             |       |     5 ||     5
Armor: Scale mail        |    12 |    36 ||    48
Dodge: Dodged            |     2 |    37 ||    39
Block: Shield            |    22 |    69 ||    91

Table legend:
 A = Non-vault XP
 B = Vault XP
 C = Vault XP percentage of total XP
 D = Non-vault monster count
 E = Vault monster count
 F = Vault count percentage of total count
                 A         B        C        D         E       F
            +---------+---------+-------+---------+---------+-------
      Total |     306 |       0 |   0.0 |      64 |       0 |   0.0
            +---------+---------+-------+---------+---------+-------
        D:1 |      24 |       0 |   0.0 |      12 |       0 |   0.0
        D:2 |      55 |       0 |   0.0 |      22 |       0 |   0.0
        D:3 |     102 |       0 |   0.0 |      27 |       0 |   0.0
        D:4 |     125 |       0 |   0.0 |       3 |       0 |   0.0
            +---------+---------+-------+---------+---------+-------
